 Dungeon Crawl Stone Soup version 0.28.0-45-g0d030f2227 (webtiles) character file.

Game seed: 5333610749781963571

116 Icepheonix32 the Skirmisher (level 4, 0/35 HPs)
             Began as a Demonspawn Fighter on Apr 7, 2022.
             Slain by Natasha (7 damage)
             ... on level 3 of the Dungeon.
             The game lasted 00:02:44 (2064 turns).

Icepheonix32 the Skirmisher (Demonspawn Fighter)    Turns: 2064, Time: 00:02:45

Health: 0/35       AC: 14    Str: 19    XL:     4   Next: 70%
Magic:  4/4        EV:  9    Int:  9    God:
Gold:   87         SH:  4    Dex: 12    Spells: 3/3 levels left

rFire   . . .      SeeInvis .   o - +1 short sword (elec)
rCold   . . .      Faith    .   c - +0 buckler
rNeg    . . .      Spirit   .   b - +0 scale mail
rPois   .          Reflect  .   (helmet restricted)
rElec   .          Harm     .   (no cloak)
rCorr   .          Rampage  .   (no gloves)
Will    .....                   q - +2 pair of boots
Stlth   ..........              (no amulet)
HPRegen 0.11/turn               l - +4 ring of protection
MPRegen 0.09/turn               (no ring)

@: no status effects
A: horns 2, powered by pain 1
a: no special abilities


You were on level 3 of the Dungeon.
You visited 1 branch of the dungeon, and saw 3 of its levels.

You collected 87 gold pieces.

Inventory:

Hand Weapons
 a - a +0 long sword
 o - a +1 short sword of electrocution (weapon)
Missiles
 g - 25 sling bullets
 j - 5 boomerangs (quivered)
Armour
 b - a +0 scale mail (worn)
 c - a +0 buckler (worn)
 q - a +2 pair of boots (worn)
Jewellery
 l - a +4 ring of protection (left hand)
Scrolls
 e - a scroll of magic mapping {unknown}
 f - a scroll of silence {unknown}
 i - a scroll of fear {unknown}
 k - 3 scrolls of identify {unknown}
 s - a scroll of fog {unknown}
Potions
 d - a potion of might
 m - a potion of heal wounds {unknown}
 n - a potion of magic {unknown}
 p - a potion of flight {unknown}
 r - a potion of berserk rage {unknown}


   Skills:
 + Level 3.5 Fighting
 + Level 0.6(1.7) Short Blades
 - Level 2.4(2.5) Long Blades
 + Level 0.1 Throwing
 + Level 3.2 Armour
 + Level 1.6 Dodging
 + Level 0.2 Stealth
 + Level 3.0 Shields


You had 3 spell levels left.
You didn't know any spells.
Your spell library contained the following spells:

 Spells                   Type           Power      Damage    Failure   Level
 Magic Dart               Conj           0%         1d3       85%         1
 Searing Ray              Conj           0%         2d4       94%         2
 Fulminant Prism          Conj/Hex       0%         3d6       100%        4


Dungeon Overview and Level Annotations

Branches:
Dungeon (3/15)

Altars:

Annotations:
D:3 Natasha


Innate Abilities, Weirdness & Mutations

You have a pair of horns on your head.
You sometimes gain a little power by taking damage.


Message History

No target in view!
No target in view!
No target in view!
No target in view!
No target in view!
No target in view!
No target in view!
No target in view!
No target in view!
No target in view!
Unknown command.
Natasha, Servant of Life and Death comes into view.
She is carrying a wand of flame (17).
You see here the felid corpse of Natasha.
No target in view!
Natasha hisses angrily.
Natasha zaps a wand.
The puff of flame misses you.
You see here the felid corpse of Natasha.
Natasha casts a spell at you.
The magic dart hits you but does no damage.
Natasha zaps a wand.
You block the puff of flame. Natasha claws you.
You hit Natasha.
Natasha is moderately wounded.
Natasha zaps a wand.
The puff of flame hits you!
* * * LOW HITPOINT WARNING * * *
Natasha drinks a potion.
Natasha seems to speed up.
You are too injured to fight recklessly!
You closely miss Natasha. Your headbutt misses Natasha.
Natasha is moderately wounded.
Natasha zaps a wand.
The puff of flame hits you.
* * * LOW HITPOINT WARNING * * *
Natasha claws you but does no damage.
It was a potion of curing.
You feel better.
You feel yourself speed up. Natasha closely misses you. Natasha claws you.
* * * LOW HITPOINT WARNING * * *
You closely miss Natasha. You headbutt Natasha.
Natasha is severely wounded.
Natasha zaps a wand.
The puff of flame misses you. Natasha claws you!
You die...

### ..# #.# #.#
#.# #######
#†######.....#
#............#
#............#
#..@h........#
#.##.........#
#.##.........###.
..#.#
#.##.............
#.#.#
#.##.....########
#.#.#
#.##.....'......#
#.#.#
#.##.....######.#
#.#.# #.####'#.#
###.#.# #.# #.#.#


You could see Natasha (fast).

Vanquished Creatures
  Natasha (D:3)
  An adder (D:2)
  3 worms (D:2)
  An orc (D:3)
  5 ball pythons
  6 endoplasms (D:1)
  3 giant cockroaches
  8 goblins
  7 hobgoblins
  6 jackals
  3 quokkas
  7 bats
  6 frilled lizards
  3 kobolds
  7 rats
67 creatures vanquished.

Vanquished Creatures (others)
  A frilled lizard (D:1)
  2 withered plants (D:2)
3 creatures vanquished.

Grand Total: 70 creatures vanquished

Notes
Turn   | Place    | Note
-------+----------+-------------------------------------------
     0 | D:1      | Icepheonix32 the Demonspawn Fighter began the quest for the
                  | Orb.
     0 | D:1      | Reached XP level 1. HP: 18/18 MP: 1/1
   142 | D:1      | Gained mutation: You sometimes gain a little power by
                  | taking damage. [demonic ancestry]
   142 | D:1      | Reached XP level 2. HP: 24/24 MP: 2/2
   616 | D:1      | Gained mutation: You have a pair of small horns on your
                  | head. [demonic ancestry]
   616 | D:1      | Reached XP level 3. HP: 28/29 MP: 3/3
  1264 | D:2      | Gained mutation: You have a pair of horns on your head.
                  | [demonic ancestry]
  1264 | D:2      | Reached XP level 4. HP: 31/35 MP: 4/4
  1750 | D:2      | Found a faded altar of an unknown god.
  2047 | D:3      | Noticed Natasha
  2053 | D:3      | Killed Natasha
  2054 | D:3      | Reached skill level 1 in Dodging
  2055 | D:3      | Noticed Natasha
  2064 | D:3      | Slain by Natasha

Illustrated notes

Levels and vault maps discovered:
D:1:      elethiomel_arrival_quiet, layout_basic, minmay_fountain_box,
          hangedman_decor_peaks_small, lemuel_old_faithful
D:2:      layout_basic, ebering_ecumenical_altar_petrified
D:3:      layout_basic, uniq_ijyb, uniq_natasha

Skill      XL: |  1  2  3  4 |
---------------+-------------+-----
Long Blades    | 2 |  2.4
Armour         | 3 |  3.2
Shields        | 3 |  3.0
Dodging        | 1 |  1.6
Fighting       | |  3.5
Short Blades   | |  0.6
Throwing       | |  0.1
Stealth        | |  0.2

Action                   |  1- 3 |  4- 6 || total
-------------------------+-------+-------++-------
Melee: Long sword        |   115 |       ||   115
       Short sword       |    45 |    45 ||    90
       Headbutt          |     9 |     7 ||    16
Throw: Boomerang         |     3 |       ||     3
  Use: Potion            |       |     1 ||     1
Armor: Scale mail        |   103 |    17 ||   120
Dodge: Dodged            |    93 |    12 ||   105
Block: Buckler           |    45 |     8 ||    53
